 Dungeon Crawl Stone Soup version 0.28.0-47-ge53b351184 (webtiles) character file.

Game seed: 8580354038993313677

1515680 maxonian the Axe Maniac (level 26, 252/252 HPs)
             Began as a Minotaur Necromancer on May 1, 2022.
             Was an Elder of Elyvilon.
             Escaped with the Orb
             ... and 3 runes!
             The game lasted 04:03:57 (86409 turns).

maxonian the Axe Maniac (Minotaur Necromancer)     Turns: 86409, Time: 04:03:58

Health: 252/252    AC: 34    Str: 21    XL:     26   Next: 59%
Magic:  32/32      EV: 11    Int: 12    God:    Elyvilon [****..]
Gold:   2491       SH: 26    Dex: 18    Spells: 27/27 levels left

rFire   + + .      SeeInvis .   a - +9 broad axe (elec)
rCold   + . .      Faith    .   S - +0 tower shield {rF+}
rNeg    + . .      Spirit   .   z - +6 gold dragon scales
rPois   +          Reflect  .   d - +0 hat
rElec   +          Harm     .   y - scarf {repulsion}
rCorr   .          Rampage  .   o - +2 pair of gloves {Dex+3}
Will    +....                   F - +0 pair of boots
Stlth   ..........              W - amulet of Vitality {Regen+ HP+15}
HPRegen 1.32/turn               U - +4 ring of slaying
MPRegen 0.23/turn               M - ring of Wenig {rElec rN+}

@: studying Dodging, repel missiles
A: horns 2, retaliatory headbutt, hooves 1, large bone plates 1, deterioration
1, frail 1, low MP 1, poison resistance, no potion heal 1, inability to read
while threatened
0: Orb of Zot
}: 3/15 runes: serpentine, barnacled, silver
a: Renounce Religion, Purification, Heal Other, Heal Self


You escaped.
You worshipped Elyvilon.
Elyvilon was greatly pleased with you.
You visited 11 branches of the dungeon, and saw 50 of its levels.
You visited the Abyss 2 times.
You also visited: Ossuary.

You collected 7402 gold pieces.
You spent 4911 gold pieces at shops.

Inventory:

Hand Weapons
 a - a +9 broad axe of electrocution (weapon)
   (You took it off a death knight on level 15 of the Dungeon)
 b - the +9 morningstar "Ipsed" {spect, Int+3}
   (You found it on level 3 of the Realm of Zot)

   When its wielder attacks, the weapon's spirit leaps out and strikes again.
   The spirit shares a part of any damage it takes with its wielder.
   Int:       It affects your intelligence (+3).
 J - the +8 autumn katana {vorpal, manifold assault}
   (You found it on level 2 of the Dungeon)

   It sometimes launches melee attacks against multiple visible enemies.
Missiles
 R - 11 throwing nets (quivered)
 T - 9 curare-tipped darts
Armour
 d - a +0 hat (worn)
   (You found it on level 3 of the Dungeon)
 h - a scarf of resistance
   (You found it on level 3 of the Vaults)
 l - a +0 kite shield of reflection
   (You took it off a naga warrior on level 4 of the Lair of Beasts)
 o - a +2 pair of gloves of dexterity (worn)
   (You found it on level 2 of the Lair of Beasts)
 y - a scarf of repulsion (worn)
   (You bought it in a shop on level 13 of the Dungeon)
 z - +6 gold dragon scales (worn)
   (You found it on level 4 of the Depths)
 C - a +1 chain mail of cold resistance
   (You bought it in a shop on level 5 of the Dungeon)
 F - a +0 pair of boots (worn)
   (You found it on level 6 of the Lair of Beasts)
 H - a +3 plate armour of poison resistance
   (You bought it in a shop on level 13 of the Dungeon)
 I - a +0 kite shield of poison resistance
   (You took it off a naga warrior on level 1 of the Snake Pit)
 N - quicksilver dragon scales
   (You found it on level 4 of the Snake Pit)
 O - the +3 Mad Mage's Maulers {Infuse+∞ RegenMP Int-3}
   (You found it on level 5 of the Vaults)

   It empowers its wearer's blows with all of their magic.
   It causes its wearer's magical reserves to regenerate more quickly.
   Int:       It affects your intelligence (-3).
 S - a +0 tower shield of fire resistance (worn)
   (You bought it in a shop on level 13 of the Dungeon)
 Z - a +2 cloak
   (You found it on level 4 of the Lair of Beasts)
Jewellery
 f - the ring "Unabb" {Will+ Str+3}
   (You bought it in a shop on level 11 of the Dungeon)

   [ring of willpower]

   Str:       It affects your strength (+3).
   Will:      It increases your willpower.
 i - a +4 ring of protection
   (You found it on level 6 of the Dungeon)
 k - a ring of flight
   (You found it on level 2 of the Snake Pit)
 n - a ring of willpower
   (You found it on level 3 of the Shoals)
 t - a ring of see invisible
   (You found it on level 2 of the Depths)
 D - a ring of positive energy
   (You took it off a deep elf knight on level 3 of the Elven Halls)
 G - a ring of willpower
   (You found it on level 5 of the Realm of Zot)
 L - a ring of protection from cold
   (You bought it in a shop on level 11 of the Dungeon)
 M - the ring of Wenig (right hand) {rElec rN+}
   (You found it on level 1 of the Elven Halls)

   [ring of positive energy]

   rElec:     It insulates you from electricity.
   rN:        It protects you from negative energy.
 U - a +4 ring of slaying (left hand)
   (You bought it in a shop on level 4 of the Snake Pit)
 W - the amulet of Vitality (around neck) {Regen+ HP+15}
   (You took it off a necromancer on level 1 of the Crypt)

   [amulet of regeneration]

   HP:        It affects your health (+15).
   Regen:     It increases your rate of health regeneration.
Wands
 c - a wand of flame (82)
   (You took it off Natasha on level 4 of the Dungeon)
 w - a wand of acid (10)
   (You found it on level 4 of the Vaults)
 P - a wand of iceblast (8)
   (You found it on level 4 of the Lair of Beasts)
Scrolls
 e - a scroll of magic mapping
 p - 8 scrolls of fear
 q - 7 scrolls of holy word
 u - 5 scrolls of fog
 v - 6 scrolls of teleportation
 A - 2 scrolls of blinking
 B - a scroll of summoning
 X - 2 scrolls of silence
Potions
 g - 2 potions of might
 m - 17 potions of heal wounds
 r - 5 potions of flight
 s - 5 potions of mutation
 x - 3 potions of resistance
 E - 19 potions of curing
 K - 2 potions of lignification
 Q - 2 potions of cancellation
 V - 8 potions of ambrosia
 Y - 4 potions of haste
Miscellaneous
 j - a phantom mirror
   (You found it on level 6 of the Lair of Beasts)


   Skills:
 + Level 26.8 Fighting
 - Level 16.4 Long Blades
 O Level 27 Axes
 - Level 1.6(18.1) Maces & Flails
 - Level 20.2 Armour
 - Level 16.9 Dodging
 - Level 1.5 Stealth
 - Level 19.2 Shields
 - Level 1.3 Spellcasting
 - Level 2.9 Necromancy
 + Level 21.0 Invocations


You had 27 spell levels left.
You didn't know any spells.
Your spell library contained the following spells:

 Spells                   Type           Power      Damage    Failure   Level
 Animate Skeleton         Necr           14%        N/A       99%         1
 Pain                     Necr           28%        1d5       99%         1
 Beastly Appendage        Tmut           0%         N/A       100%        1
 Freeze                   Ice            0%         1d3       100%        1
 Magic Dart               Conj           0%         1d3       100%        1
 Sandblast                Erth           0%         2d4       100%        1
 Shock                    Conj/Air       0%         1d3       100%        1
 Slow                     Hex            0%         N/A       100%        1
 Sting                    Tmut/Pois      0%         1d3       100%        1
 Call Imp                 Summ           0%         N/A       100%        2
 Corpse Rot               Necr/Air       8%         N/A       100%        2
 Ensorcelled Hibernation  Hex/Ice        0%         N/A       100%        2
 Passwall                 Tmut/Erth      0%         N/A       100%        2
 Poisonous Vapours        Pois/Air       0%         N/A       100%        2
 Scorch                   Fire           0%         2d5       100%        2
 Sublimation of Blood     Necr           7%         N/A       100%        2
 Wereblood                Tmut           0%         N/A       100%        2
 Confusing Touch          Hex            0%         N/A       100%        3
 Conjure Flame            Conj/Fire      0%         6-21      100%        3
 Dazzling Flash           Conj/Hex       0%         N/A       100%        3
 Frozen Ramparts          Ice            0%         1d2       100%        3
 Gell's Gravitas          Tloc           0%         N/A       100%        3
 Ignite Poison            Fire/Tmut/Pois 0%         N/A       100%        3
 Inner Flame              Hex/Fire       0%         N/A       100%        3
 Lesser Beckoning         Tloc           0%         N/A       100%        3
 Mephitic Cloud           Conj/Pois/Air  0%         N/A       100%        3
 Ozocubu's Armour         Ice            0%         N/A       100%        3
 Portal Projectile        Hex/Tloc       0%         N/A       100%        3
 Spider Form              Tmut/Pois      0%         N/A       100%        3
 Stone Arrow              Conj/Erth      0%         3d7       100%        3
 Swiftness                Air            0%         N/A       100%        3
 Teleport Other           Tloc           0%         N/A       100%        3
 Tukima's Dance           Hex            0%         N/A       100%        3
 Vampiric Draining        Necr           7%         2d6       100%        3
 Airstrike                Air            0%         N/A       100%        4
 Anguish                  Hex/Necr       2%         N/A       100%        4
 Animate Dead             Necr           3%         N/A       100%        4
 Cause Fear               Hex            0%         N/A       100%        4
 Dispel Undead            Necr           7%         3d8       100%        4
 Flame Wave               Conj/Fire      0%         2d4       100%        4
 Fulminant Prism          Conj/Hex       0%         3d6       100%        4
 Hailstorm                Conj/Ice       0%         3d3       100%        4
 Ice Form                 Ice/Tmut       0%         N/A       100%        4
 Leda's Liquefaction      Hex/Erth       0%         N/A       100%        4
 Olgreb's Toxic Radiance  Pois           0%         N/A       100%        4
 Passage of Golubria      Tloc           0%         N/A       100%        4
 Petrify                  Tmut/Erth      0%         N/A       100%        4
 Sticky Flame             Conj/Fire      0%         2d3       100%        4
 Summon Ice Beast         Ice/Summ       0%         N/A       100%        4
 Agony                    Necr           7%         N/A       100%        5
 Alistair's Intoxication  Tmut/Pois      0%         N/A       100%        5
 Blade Hands              Tmut           0%         N/A       100%        5
 Borgnjor's Vile Clutch   Necr/Erth      2%         N/A       100%        5
 Excruciating Wounds      Necr           3%         N/A       100%        5
 Freezing Cloud           Conj/Ice/Air   0%         6-21      100%        5
 Metabolic Englaciation   Hex/Ice        0%         N/A       100%        5
 Silence                  Hex/Air        0%         N/A       100%        5
 Summon Forest            Summ/Tloc      0%         N/A       100%        5
 Summon Mana Viper        Hex/Summ       0%         N/A       100%        5
 Yara's Violent Unravell  Hex/Tmut       0%         3d3       100%        5
 Conjure Ball Lightning   Conj/Air       0%         3x3d6     100%        6
 Death Channel            Necr           3%         N/A       100%        6
 Dispersal                Tloc           0%         N/A       100%        6
 Eringya's Noxious Bog    Tmut/Pois      0%         N/A       100%        6
 Simulacrum               Ice/Necr       2%         N/A       100%        6
 Statue Form              Tmut/Erth      0%         N/A       100%        6
 Summon Cactus Giant      Summ           0%         N/A       100%        6
 Enfeeble                 Hex            0%         N/A       100%        7
 Malign Gateway           Summ/Tloc      0%         N/A       100%        7
 Monstrous Menagerie      Summ           0%         N/A       100%        7
 Ozocubu's Refrigeration  Ice            0%         4d5       100%        7
 Summon Hydra             Summ           0%         N/A       100%        7
 Borgnjor's Revivificati  Necr           3%         N/A       100%        8
 Discord                  Hex            0%         N/A       100%        8
 Disjunction              Tloc           0%         N/A       100%        8
 Ignition                 Fire           0%         3d3       100%        8
 Necromutation            Tmut/Necr      2%         N/A       100%        8
 Death's Door             Necr           3%         N/A       100%        9
 Polar Vortex             Ice            0%         N/A       100%        9


Dungeon Overview and Level Annotations

Branches:
Dungeon (15/15)            Temple (1/1) D:5            Lair (6/6) D:11
 Shoals (4/4) Lair:3        Snake (4/4) Lair:4        Slime (0/5) Lair:6
    Orc (2/2) D:11            Elf (3/3) Orc:2        Vaults (5/5) D:14
  Crypt (1/3) Vaults:2     Depths (4/4) D:15            Zot (5/5) Depths:4
Ossuary (visited)

Altars:
Ashenzari
Cheibriados
Dithmenos
Elyvilon
Fedhas
Gozag
Hepliaklqana
Kikubaaqudgha
Makhleb
Nemelex Xobeh
Okawaru
Qazlal
Ru
Sif Muna
Trog
Uskayaw
Vehumet
Wu Jian
Xom
Yredelemnul
Zin
The Shining One
Beogh
Lugonu

Shops:
D:5 [   D:11 =   D:13 *[([[   Orc:1 *   Orc:2 ([*(:   Elf:2 :!   Elf:3 [[=:
Snake:2 *[[   Snake:4 :=:   Vaults:1 =   Vaults:3 ?   Vaults:4 :

Portals:
Hell: Depths:1 Depths:2 Depths:3 Depths:4
Abyss: Depths:3 Depths:4
Pandemonium: Depths:2
Ziggurat: Depths:4
Trove: D:14 (give +5 demon whip)

Annotations:
D:10 Erolcha
Snake:3 Mara
Depths:3 Mennas
Zot:5 exclusion: obsidian statue


Innate Abilities, Weirdness & Mutations

You have a pair of horns on your head.
You reflexively headbutt those who attack you in melee.
You have large cloven feet.
You are partially covered in large bone plates. (SH +4)
Your body sometimes deteriorates upon taking damage.
You are frail. (-10% HP)
Your magical capacity is low. (-10% MP)
Your system is resistant to poisons. (rPois)
Potions are less effective at restoring your health.
You sometimes lose the ability to read scrolls when taking damage.


Message History

An efreet comes into view.
It is wielding a +0 scimitar of flaming.
Unknown command.
There is a stone staircase leading up here.
You climb upwards.
There is a stone staircase leading down here.
Things that are here:
a +0 leather armour; a +0 hand axe
There is a stone staircase leading up here.
You climb upwards.
There is a stone staircase leading down here.
There is an open door, spattered with blood here.
You see here a +0 flail.
A profane servitor comes into view. It is wielding a +1 whip.
There is an open door here.
There is a stone staircase leading up here.
You climb upwards.
There is a stone staircase leading down here.
A Tzitzimitl comes into view.
You can't go up here!
There is a stone staircase leading up here.
You climb upwards.
There is a stone staircase leading down here.
Unknown command.
There is a stone staircase leading up here.
You climb upwards. 2 hell hounds come into view.
There is a stone staircase leading down here.
Unknown command. 3 hell hounds come into view.
The hell hound barks! x3
The hell hound breathes flames at you.
The blast of flame hits you but does no damage.
The hell hound breathes flames at you.
The blast of flame hits the hell hound.
The hell hound completely resists.
The blast of flame is repelled.
You block the hell hound's attack. You block the hell hound's attack.
The hell hound breathes flames at you.
The blast of flame hits you but does no damage.
There is a stone staircase leading up here.
You climb upwards.
There is a stone staircase leading down here.
There is an open door here.
There is a stone staircase leading up here.
You climb upwards.
There is a stone staircase leading down here.
You see here a +0 short sword.
There is a staircase leading out of the dungeon here.
Unknown command.
You have escaped!

..# #..#.# #...# #.........##
.## #..#.# #P.P# #.........##
.####..#.### #P.P#
#.........## .......#.#.#
#P.P# ######.#####
..#....#.#.####P.P# #.....# #
..#....#.....##P.P# #.....#
.......###.#.##P.P#####....##
.#.....###.#.##P.P#.......##
.#.....#.#.#.##P@P#.#######
.#.......#.#.##P.P#.#
.#.##.##.#.#.##P.P#.#
.#..#.##.#...##P.P#.#
.#.......######P.P#.#
.#.[#....# #P.P#.# .#..#....#
#P.P#.# ##.......## #P.P#.#
##........# #...#.###


There were no monsters in sight!

Vanquished Creatures
  4 dread liches (Zot:5)
  5 orbs of fire
  A juggernaut (Depths:4)
  6 ancient liches
  5 Killer Klowns (Zot:5)
  Bai Suzhen (Crypt:1)
  A curse toe (Zot:2)
  Margery (Crypt:1)
  Xtahua (Crypt:1)
  11 golden dragons
  3 bone dragons
  2 electric golems (Zot:5)
  Rupert (D:15)
  Jorgrun (Shoals:1)
  27 Orb Guardians
  3 liches
  17 tentacled monstrosities
  3 titans (Vaults:5)
  2 deep elf master archers (Elf:3)
  5 quicksilver dragons
  A kraken (Shoals:1)
  2 deep elf blademasters (Elf:3)
  8 sphinxes
  3 tentacled starspawn
  7 death cobs
  7 shadow dragons
  13 storm dragons
  7 fire giants
  2 tengu reavers
  4 nagarajas (Snake:4)
  6 draconian monks
  3 ghost moths
  2 daevas (Depths:3)
  8 draconian knights
  9 frost giants
  An iron dragon (Vaults:4)
  24 vault wardens
  5 deep elf sorcerers
  A juggernaut zombie (Depths:2)
  Aizul (Shoals:1)
  3 curse skulls
  4 orc warlords
  3 draconian stormcallers
  A draconian shifter (Zot:2)
  2 draconian scorchers
  A balrug (Abyss:3)
  4 deep elf elementalists (Elf:3)
  6 draconian annihilators
  3 ghouls (Crypt:1)
  An angel (Depths:2)
  18 stone giants
  27 very ugly things
  A juggernaut skeleton (Depths:2)
  24 ironbound preservers
  14 green draconians
  3 ironbound thunderhulks (Vaults:2)
  4 vampire knights
  6 black draconians
  5 deep elf demonologists (Elf:3)
  4 dire elephants (Vaults:4)
  5 entropy weavers
  15 red draconians
  6 white draconians
  12 deep elf annihilators
  14 purple draconians
  A minotaur (Shoals:4)
  A bunyip (shapeshifter) (Vaults:5)
  15 yellow draconians
  5 spark wasps
  An eidolon (Crypt:1)
  15 ettins
  7 deep elf death magi
  6 merfolk impalers
  Snorg (Lair:4)
  2 mummy priests (Crypt:1)
  5 merfolk javelineers
  8 great orbs of eyes
  8 fire dragons
  6 deep elf high priests
  33 vault guards
  A spriggan zombie (Crypt:1)
  21 yaktaur captains
  5 hydras
  4 salamander tyrants
  A hell beast (D:15)
  5 jiangshi
  5 rakshasas
  A jorogumo (shapeshifter) (Vaults:5)
  6 boulder beetles
  11 naga warriors
  A juggernaut simulacrum (Depths:2)
  4 merfolk avatars
  7 ironbound frosthearts
  An ogre mage (Vaults:1)
  A merfolk aquamancer (Shoals:2)
  2 catoblepae (Lair:6)
  11 centaur warriors
  9 ice dragons
  A fenstrider witch skeleton (Crypt:1)
  5 two-headed ogres
  29 dancing weapons
  An alligator (shapeshifter) (Vaults:5)
  2 alligator snapping turtles
  2 deep troll shamans
  13 anacondas
  A hell hog (Abyss:3)
  6 satyrs (Shoals:4)
  9 deep troll earth magi
  5 death knights
  2 tengu warriors (D:14)
  A thrashing horror (Abyss:2)
  6 orc high priests
  4 spriggan berserkers
  7 vampire magi
  2 soul eaters
  14 hell knights
  Sonja (Lair:6)
  9 naga sharpshooters
  4 sun demons
  10 shock serpents
  16 deep elf knights
  2 shadow wraiths
  2 wretched stars
  6 salamander mystics
  18 skeletal warriors
  7 iron trolls
  A storm dragon zombie (Crypt:1)
  A flayed ghost (Depths:2)
  2 cherubim (Depths:3)
  5 sea snakes
  6 glowing orange brains
  3 spatial maelstroms (Abyss:3)
  5 deep elf archers
  A shadow demon (Depths:2)
  A death drake (Abyss:3)
  65 deep trolls
  A golden dragon zombie (Crypt:1)
  A swamp dragon (Zot:3)
  13 lindwurms
  13 phantasmal warriors
  A glowing orange brain (shapeshifter) (Vaults:4)
  6 large abominations
  35 deep elf pyromancers
  11 orc knights
  A shadow dragon zombie (Vaults:5)
  11 wizards
  9 naga ritualists
  19 ironbound convokers
  7 necromancers
  A harpy (shapeshifter) (Depths:4)
  17 harpies
  21 mana vipers
  A wolf spider (shapeshifter) (Vaults:1)
  15 fauns
  19 manticores
  29 deep elf zephyrmancers
  9 orc sorcerers
  8 oklob plants
  A salamander (shapeshifter) (D:14)
  4 cyclopes
  3 worldbinders (Abyss:2)
  19 salamanders
  A manticore (shapeshifter) (Vaults:5)
  51 ugly things
  2 rust devils
  28 moths of wrath
  13 naga magi
  5 guardian serpents
  Joseph (D:7)
  51 black mambas
  20 vault sentinels
  11 merfolk sirens
  6 water nymphs
  19 elephants
  A torpor snail (shapeshifter) (D:15)
  2 gargoyles (D:7)
  3 molten gargoyles (Lair:6)
  2 orange demons
  An ice statue (Lair:2)
  11 cane toads
  3 smoke demons
  An elf zombie (Vaults:5)
  An unseen horror (D:12)
  51 yaktaurs
  3 kobold demonologists
  3 rime drakes
  15 komodo dragons
  A yellow draconian skeleton (Crypt:1)
  6 freezing wraiths
  An ice devil (Depths:2)
  6 ancient zymes
  A troll (shapeshifter) (Elf:1)
  2 guardian mummies (Crypt:1)
  A hellwing (Depths:2)
  26 merfolk
  5 wind drakes
  A polar bear (Lair:2)
  3 harpy zombies
  6 trolls
  A queen bee (Lair:2)
  5 hornets
  12 raiju
  A satyr zombie (Crypt:1)
  A tarantella (shapeshifter) (Vaults:5)
  13 blink frogs
  45 slime creatures
  5 snapping turtles
  4 dream sheep (Shoals:4)
  2 centaur simulacra
  A culicivora (shapeshifter) (Vaults:5)
  A shadow (Abyss:3)
  4 spriggans (Depths:4)
  21 water elementals
  A vampire (D:14)
  3 air elementals
  46 yaks
  A yak (shapeshifter) (Vaults:5)
  8 wyverns
  5 wraiths
  A chaos spawn (Abyss:3)
  4 ynoxinuls
  3 fire elementals
  8 basilisks
  A redback (Vaults:4)
  A steam dragon (Lair:6)
  A redback (shapeshifter) (Elf:3)
  6 vampire mosquitoes
  4 neqoxecs
  4 wargs
  A faun zombie (Crypt:1)
  A harpy simulacrum (D:15)
  A swamp worm (shapeshifter) (Abyss:3)
  35 nagas
  2 acid dragons
  7 small abominations
  12 water moccasins
  5 hell hounds (Lair:6)
  A demonspawn skeleton (Crypt:1)
  36 orc warriors
  A sky beast (shapeshifter) (Vaults:5)
  A sky beast (Abyss:2)
  2 human zombies (Vaults:5)
  25 starcursed masses
  A black bear (D:8)
  2 necrophages
  8 wolves
  8 ice beasts
  7 ogres
  8 boggarts (Vaults:1)
  2 centaurs
  2 phantoms
  5 kobold brigands
  15 bullfrogs
  A hog skeleton (Crypt:1)
  2 earth elementals
  2 gnoll sergeants (D:10)
  3 scorpions
  A komodo dragon skeleton (Crypt:1)
  4 water moccasin zombies
  A water moccasin skeleton (D:4)
  34 killer bees
  A warg zombie (Crypt:1)
  10 wights
  3 howler monkeys
  4 lava snakes (Lair:6)
  3 centaur zombies
  A crimson imp (D:6)
  3 bullfrog zombies (Ossuary)
  4 hounds
  A bullfrog skeleton (D:5)
  21 orc priests
  A centaur skeleton (D:5)
  2 gnoll shamans (D:10)
  An iron imp (Abyss:2)
  3 jellies
  Natasha (thrice) (D:4)
  2 iguanas
  37 orc wizards
  3 killer bee zombies
  19 mummies
  Robin (D:2)
  10 adders
  19 gnolls
  7 white imps
  4 ufetubi
  A lava snake zombie (Crypt:1)
  An adder skeleton (D:4)
  A worm (D:2)
  76 orcs
  8 ball pythons
  8 bats
  8 endoplasms
  2 giant cockroaches
  16 goblins
  11 hobgoblins
  13 jackals
  2 quokkas (D:3)
  3 frilled lizards
  A goblin skeleton (D:6)
  2 goblin zombies (D:6)
  26 kobolds
  2 kobold skeletons (D:6)
  3 kobold zombies (D:6)
  3 orc zombies (D:6)
  5 rats
  A bush (Lair:6)
  4 starspawn tentacles
  9 tentacles (Shoals:1)
2342 creatures vanquished.

Vanquished Creatures (others)
  A spriggan berserker (Depths:4)
  2 large abominations (Abyss:3)
  A deep elf knight (Elf:2)
  A deep troll (Vaults:1)
  A deep elf archer (Elf:1)
  A flayed ghost (Abyss:3)
  An ugly thing (Depths:4)
  A deep elf zephyrmancer (Elf:3)
  A black mamba (Snake:4)
  A blink frog (Abyss:3)
  An orc priest (Orc:2)
  A white imp (Abyss:3)
  4 bushes (D:8)
  19 fungi
  40 plants
  8 starspawn tentacles
  20 tentacles (Shoals:1)
  10 withered plants
114 creatures vanquished.

Grand Total: 2456 creatures vanquished

Notes
Turn   | Place    | Note
-------+----------+-------------------------------------------
     0 | D:1      | maxonian the Minotaur Necromancer began the quest for the
                  | Orb.
     0 | D:1      | Reached XP level 1. HP: 14/14 MP: 1/1
   431 | D:1      | Reached skill level 1 in Fighting
   431 | D:1      | Reached skill level 1 in Armour
   431 | D:1      | Reached XP level 2. HP: 23/23 MP: 3/3
  1226 | D:1      | Reached XP level 3. HP: 25/29 MP: 4/4
  1274 | D:1      | Found a faded altar of an unknown god.
  2178 | D:2      | Reached skill level 1 in Maces & Flails
  2464 | D:2      | Found a stormy altar of Qazlal.
  2529 | D:2      | Reached XP level 4. HP: 36/36 MP: 5/5
  2551 | D:2      | Found the +8 autumn katana {vorpal, manifold assault}
  2891 | D:2      | Noticed Robin
  3350 | D:2      | Reached XP level 5. HP: 44/44 MP: 6/6
  3695 | D:2      | Killed Robin
  3696 | D:2      | Reached skill level 1 in Long Blades
  4519 | D:3      | Found a basalt altar of Yredelemnul.
  4868 | D:4      | Reached XP level 6. HP: 51/51 MP: 7/7
  5034 | D:4      | Found the +8 trident of the Octopus King {venom, rElec
                  | rPois}
  5228 | D:4      | Found a stormy altar of Qazlal.
  5247 | D:4      | Noticed an ice beast
  5255 | D:4      | Killed an ice beast
  5403 | D:4      | Noticed Natasha
  5409 | D:4      | Killed Natasha
  5410 | D:4      | Reached XP level 7. HP: 35/60 MP: 8/8
  5543 | D:4      | Found a shadowy altar of Dithmenos.
  5557 | D:4      | Found an ancient bone altar of Kikubaaqudgha.
  5574 | D:4      | Noticed Natasha
  5581 | D:4      | Killed Natasha
  5613 | D:4      | Noticed Natasha
  5620 | D:4      | Killed Natasha
  5809 | D:5      | Entered Level 5 of the Dungeon
  5938 | D:5      | Reached skill level 5 in Dodging
  6040 | D:5      | Reached skill level 5 in Fighting
  6040 | D:5      | Found a staircase to the Ecumenical Temple.
  6042 | D:5      | Noticed a troll
  6062 | D:5      | Killed a troll
  6063 | D:5      | Reached skill level 5 in Armour
  6187 | Temple   | Entered the Ecumenical Temple
  6319 | Temple   | Became a worshipper of Elyvilon the Healer
  6360 | D:5      | Reached XP level 8. HP: 69/69 MP: 9/9
  6408 | D:5      | Found an ornate altar of the Wu Jian Council.
  6618 | D:5      | Found Benogeakh's Antique Armour Emporium.
  6830 | D:5      | Bought a runed chain mail for 172 gold pieces
  6860 | D:6      | Reached skill level 5 in Long Blades
  6950 | D:6      | Reached * piety under Elyvilon
  7079 | D:6      | Found a radiant altar of Vehumet.
  7423 | D:6      | Found a shimmering altar of Xom.
  7424 | D:6      | Found a snail-covered altar of Cheibriados.
  7458 | D:6      | Found a glowing golden altar of the Shining One.
  7994 | D:7      | Reached ** piety under Elyvilon
  8104 | D:7      | Reached XP level 9. HP: 45/79 MP: 10/10
  8236 | D:7      | Found a sand-covered staircase.
  8242 | Ossuary  | Entered an ossuary
  9257 | D:7      | Noticed Joseph
  9681 | D:7      | Killed Joseph
  9682 | D:7      | Reached XP level 10. HP: 61/90 MP: 11/11
 10062 | D:7      | Noticed a gargoyle
 10072 | D:7      | Killed a gargoyle
 10293 | D:7      | Noticed a gargoyle
 10299 | D:7      | Killed a gargoyle
 11039 | D:8      | Found a sacrificial altar of Ru.
 11446 | D:8      | Reached *** piety under Elyvilon
 11604 | D:9      | Found an iron altar of Okawaru.
 11766 | D:9      | Reached skill level 10 in Fighting
 11980 | D:9      | Reached skill level 10 in Armour
 12032 | D:9      | Found a sparkling altar of Nemelex Xobeh.
 12559 | D:9      | Noticed a centaur warrior
 12566 | D:9      | Noticed a deep elf pyromancer
 12572 | D:9      | Killed a centaur warrior
 12573 | D:9      | Reached XP level 11. HP: 84/101 MP: 12/12
 12587 | D:9      | Killed a deep elf pyromancer
 12860 | D:9      | Reached **** piety under Elyvilon
 13029 | D:10     | Entered Level 10 of the Dungeon
 13043 | D:10     | Noticed a two-headed ogre
 13054 | D:10     | Killed a two-headed ogre
 13055 | D:10     | Reached skill level 10 in Long Blades
 13055 | D:10     | Reached skill level 10 in Dodging
 13294 | D:10     | Noticed Erolcha
 13562 | D:10     | Noticed a centaur warrior
 13707 | D:10     | Killed a centaur warrior
 14177 | D:10     | Found a burning altar of Makhleb.
 14465 | D:11     | Noticed a centaur warrior
 14470 | D:11     | Found Erajuvvi's Jewellery Emporium.
 14475 | D:11     | Killed a centaur warrior
 14733 | D:11     | Found a staircase to the Orcish Mines.
 14775 | D:11     | Identified the +1 long sword of Leregh {antimagic, +Blink
                  | Will+}
 14851 | D:11     | Reached ***** piety under Elyvilon
 14922 | D:11     | Noticed a two-headed ogre
 14931 | D:11     | Killed a two-headed ogre
 15171 | D:11     | Found a blossoming altar of Fedhas.
 15384 | D:11     | Noticed a two-headed ogre
 15392 | D:11     | Killed a two-headed ogre
 15413 | D:11     | Noticed an oklob plant
 15581 | D:11     | Noticed an oklob plant
 15760 | D:11     | Found a staircase to the Lair.
 15818 | D:11     | Noticed an oklob plant
 15850 | D:11     | Bought an amulet of regeneration for 480 gold pieces
 15917 | D:12     | Noticed a skeletal warrior
 16253 | D:11     | Killed an oklob plant
 16453 | D:11     | Killed an oklob plant
 16498 | D:11     | Killed an oklob plant
 16499 | D:11     | Reached XP level 12. HP: 112/112 MP: 13/13
 16613 | Lair:1   | Entered Level 1 of the Lair of Beasts
 16823 | Lair:1   | Noticed a seven-headed hydra
 16844 | Lair:1   | Killed a seven-headed hydra
 19048 | Lair:3   | Reached skill level 1 in Invocations
 19170 | Lair:3   | Noticed a five-headed hydra
 19172 | Lair:3   | Noticed a seven-headed hydra
 19196 | Lair:2   | Killed a five-headed hydra
 19197 | Lair:2   | Reached XP level 13. HP: 75/122 MP: 14/14
 19291 | Lair:3   | Reached ****** piety under Elyvilon
 19504 | Lair:3   | Found a staircase to the Shoals.
 20032 | Lair:4   | Found a staircase to the Snake Pit.
 20367 | Lair:4   | Noticed Snorg
 20380 | Lair:4   | Killed Snorg
 20608 | Lair:4   | Identified the +5 falchion "Civvait" {venom, rC+ Dex+3}
 21443 | Lair:5   | Reached skill level 5 in Invocations
 22142 | Lair:6   | Entered Level 6 of the Lair of Beasts
 22194 | Lair:6   | Identified the +2 spear "Birups" {venom, rPois}
 22459 | Lair:6   | Reached XP level 14. HP: 128/133 MP: 17/17
 22590 | Lair:6   | Found a staircase to the Slime Pits.
 23646 | Lair:6   | Noticed Sonja
 23656 | Lair:6   | Killed Sonja
 23657 | Lair:6   | Reached skill level 15 in Fighting
 23711 | Lair:6   | Reached skill level 15 in Armour
 23956 | Lair:6   | Found a large runed translucent door.
 23956 | Lair:6   | Found a large runed translucent door.
 24326 | Lair:6   | Reached skill level 15 in Long Blades
 25803 | D:13     | Found Fupp's Assorted Antiques.
 25848 | D:13     | Found Rovotau's Antique Armour Boutique.
 26389 | D:13     | Found Ulixeiq's Antique Armour Boutique.
 26390 | D:13     | Found Collirorph's Weapon Emporium.
 26394 | D:13     | Found Uqerevec's Armour Emporium.
 26418 | D:13     | Bought a glowing tower shield for 195 gold pieces
 26553 | D:14     | Reached skill level 1 in Shields
 26563 | D:14     | Reached XP level 15. HP: 119/144 MP: 20/20
 26732 | D:14     | Found a gate to the Vaults.
 26767 | D:14     | Reached skill level 5 in Shields
 26857 | D:14     | Found a portal to a secret trove of treasure.
 27096 | D:15     | Entered Level 15 of the Dungeon
 27404 | D:15     | Noticed Rupert
 27408 | D:15     | Paralysed by Rupert for 2 turns
 27413 | D:15     | Killed Rupert
 27962 | D:15     | Found a staircase to the Depths.
 28231 | D:11     | Bought the ring "Unabb" {Will+ Str+3} for 612 gold pieces
 28305 | Shoals:1 | Entered Level 1 of the Shoals
 28305 | Shoals:1 | Noticed Aizul
 28325 | Shoals:1 | Killed Aizul
 28326 | Shoals:1 | Reached skill level 10 in Shields
 28430 | Shoals:1 | Noticed a kraken
 28803 | Snake:1  | Entered Level 1 of the Snake Pit
 31174 | Snake:2  | Reached XP level 16. HP: 136/151 MP: 21/21
 31215 | Snake:2  | Reached skill level 15 in Shields
 31215 | Snake:2  | Reached XP level 17. HP: 158/158 MP: 22/22
 32202 | Snake:2  | Found Zawoigu's Assorted Antiques.
 32206 | Snake:2  | Found Emor's Antique Armour Boutique.
 32207 | Snake:2  | Found Itisch's Antique Armour Shop.
 34412 | Snake:4  | Entered Level 4 of the Snake Pit
 34421 | Snake:4  | Reached skill level 1 in Axes
 34425 | Snake:4  | Reached skill level 2 in Axes
 34471 | Snake:4  | Reached skill level 3 in Axes
 34617 | Snake:4  | Noticed Mara
 34731 | Snake:4  | Reached skill level 4 in Axes
 34772 | Snake:4  | Reached skill level 5 in Axes
 35023 | Snake:3  | Reached skill level 6 in Axes
 35353 | Snake:4  | Reached skill level 7 in Axes
 35466 | Snake:4  | Found Qoggiab's Book Boutique.
 35475 | Snake:4  | Found Situacuo's Jewellery Shoppe.
 35476 | Snake:4  | Found Guriv's Book Boutique.
 35530 | Snake:4  | Noticed maxonian's illusion
 35699 | Snake:4  | Noticed maxonian's illusion
 35758 | Snake:3  | Noticed maxonian's illusion
 35904 | Snake:4  | Reached skill level 8 in Axes
 36172 | Snake:4  | Reached skill level 9 in Axes
 36597 | Snake:4  | Reached skill level 10 in Axes
 36716 | Snake:4  | Reached XP level 18. HP: 161/168 MP: 24/24
 36828 | Snake:4  | Reached skill level 11 in Axes
 37094 | Snake:4  | Got a serpentine rune of Zot
 37608 | D:13     | Bought a runed scarf for 224 gold pieces
 37909 | Shoals:1 | Noticed Jorgrun
 37951 | Shoals:1 | Killed Jorgrun
 37952 | Shoals:1 | Reached skill level 12 in Axes
 38745 | Shoals:2 | Reached skill level 13 in Axes
 39399 | Shoals:2 | Reached skill level 14 in Axes
 39827 | Shoals:2 | Got the Guide on Fetching Envenoming
 40060 | Shoals:3 | Reached skill level 15 in Axes
 40806 | Shoals:4 | Entered Level 4 of the Shoals
 40890 | Shoals:4 | Reached skill level 16 in Axes
 41355 | Shoals:4 | Reached skill level 17 in Axes
 41407 | Shoals:4 | Got a barnacled rune of Zot
 41853 | Shoals:4 | Reached XP level 19. HP: 167/174 MP: 25/25
 41925 | Shoals:4 | Reached skill level 18 in Axes
 42313 | Orc:1    | Entered Level 1 of the Orcish Mines
 42313 | Orc:1    | Found Viwn's Overcharged Wands.
 42579 | Orc:2    | Entered Level 2 of the Orcish Mines
 42579 | Orc:2    | Found Xiuqeh's Antique Weapon Boutique.
 43873 | Orc:2    | Found Feanucw's Antique Armour Shoppe.
 43874 | Orc:2    | Found Locvem's Antique Weapon Shoppe.
 43876 | Orc:2    | Found Onwamm's General Store.
 43876 | Orc:2    | Found Ranwiowk's Book Emporium.
 44214 | Orc:2    | Found a staircase to the Elven Halls.
 45006 | Vaults:1 | Entered Level 1 of the Vaults
 45518 | Vaults:1 | Reached skill level 10 in Invocations
 46635 | Vaults:1 | Found Oquec Xoje's Jewellery Shop.
 47612 | D:13     | Bought a +3 plate armour of poison resistance for 630 gold
                  | pieces
 47706 | D:11     | Bought a ring of protection from cold for 400 gold pieces
 48041 | Vaults:2 | Found a staircase to the Crypt.
 48639 | Vaults:1 | Reached XP level 20. HP: 85/187 MP: 27/27
 48899 | Vaults:2 | Reached skill level 19 in Axes
 50378 | Vaults:3 | Found Ytwuetho's Magic Scroll Shop.
 52003 | Vaults:4 | Reached skill level 15 in Dodging
 52955 | Vaults:4 | Reached XP level 21. HP: 48/195 MP: 15/28
 52963 | Vaults:4 | Identified the +8 arbalest of Ket Odyi {elec, Str+2 Int+7
                  | Stlth-}
 53651 | Vaults:4 | Found Jeguod's Book Boutique.
 53938 | Vaults:4 | Identified the +6 arbalest of the Three Demons {freeze,
                  | Int+3}
 54178 | Depths:1 | Entered Level 1 of the Depths
 54178 | Depths:1 | Found a gateway to Hell.
 54213 | Depths:1 | Reached skill level 20 in Axes
 54571 | Depths:1 | Found a snail-covered altar of Cheibriados.
 55308 | Depths:1 | Found a shimmering blue altar of Sif Muna.
 56530 | Depths:2 | Found a one-way gate leading to the halls of Pandemonium.
 56689 | Depths:2 | Cast into level 2 of the Abyss (spriggan berserker)
 56689 | Abyss:2  | Found a corrupted altar of Lugonu.
 57444 | Depths:2 | Escaped the Abyss
 57999 | Depths:3 | Found a one-way gate to the infinite horrors of the Abyss.
 58309 | Depths:3 | Found a sparkling altar of Nemelex Xobeh.
 58453 | Depths:2 | Reached XP level 22. HP: 200/202 MP: 30/30
 59043 | Depths:3 | Identified the -3 tower shield of the First Blessings
                  | {rN++}
 59043 | Depths:3 | Noticed Mennas
 59044 | Depths:3 | Found a glowing silver altar of Zin.
 59264 | Depths:4 | Entered Level 4 of the Depths
 59677 | Depths:4 | Found a gate to the Realm of Zot.
 60063 | Depths:4 | Found a one-way gateway to a ziggurat.
 60063 | Depths:4 | Noticed an ancient lich
 60414 | Depths:4 | Noticed a golden dragon
 60425 | Depths:4 | Killed a golden dragon
 60455 | Depths:4 | Found a corrupted altar of Lugonu.
 60520 | Depths:4 | Reached skill level 21 in Axes
 60565 | Depths:4 | Noticed a juggernaut
 60585 | Depths:4 | Killed a juggernaut
 61331 | Vaults:3 | Bought a scroll of enchant armour for 150 gold pieces
 61331 | Vaults:3 | Bought a scroll of teleportation for 60 gold pieces
 61331 | Vaults:3 | Bought a scroll of blinking for 150 gold pieces
 61614 | Orc:2    | Bought a scroll of enchant armour for 75 gold pieces
 61614 | Orc:2    | Bought a scroll of summoning for 95 gold pieces
 61614 | Orc:2    | Bought 13 sling bullets for 65 gold pieces
 61614 | Orc:2    | Bought a scroll of fear for 35 gold pieces
 61764 | D:13     | Bought a small iron ring for 140 gold pieces
 61879 | Elf:1    | Entered Level 1 of the Elven Halls
 62444 | Elf:1    | Paralysed by an air elemental for 1 turns
 62449 | Elf:1    | Paralysed by an air elemental for 1 turns
 62795 | Elf:1    | Identified the ring of Wenig {rElec rN+}
 62854 | Elf:2    | Paralysed by an air elemental for 1 turns
 62896 | Elf:2    | Found Zenly's One-of-a-Kind Books.
 63156 | Elf:2    | Found Asyeblaw's Distillery.
 63174 | Elf:2    | Identified the +6 long sword "Ogre's Regret" {speed, *Noise
                  | rPois rF+ rN+}
 63182 | Elf:2    | Bought a potion of curing for 51 gold pieces
 63182 | Elf:2    | Bought a potion of curing for 51 gold pieces
 63247 | Elf:2    | Found a runed translucent gate.
 63248 | Elf:2    | Found a runed translucent gate.
 63248 | Elf:2    | Found a runed translucent gate.
 63888 | Elf:3    | Entered Level 3 of the Elven Halls
 64039 | Elf:3    | Reached XP level 23. HP: 206/217 MP: 32/32
 64203 | Elf:3    | Found Kimeoll's Jewellery Emporium.
 64203 | Elf:3    | Found Xoetet's Armour Shoppe.
 64204 | Elf:3    | Found Nudor's Book Emporium.
 64208 | Elf:3    | Found Jall's Armour Shoppe.
 65382 | Elf:3    | Identified the +9 hand axe "Yjyzaj" {protect, Contam rElec
                  | Str+2 Dex+5}
 65401 | Elf:3    | Reached skill level 22 in Axes
 65497 | Elf:3    | Identified the +5 ring mail "Kasik" {rC+ rN++ Will-}
 65940 | Elf:3    | Cast into level 3 of the Abyss (a deep elf sorcerer)
 65941 | Abyss:3  | Found a hazy altar of Hepliaklqana.
 66257 | Abyss:3  | Gained mutation: Your body sometimes deteriorates upon
                  | taking damage. [a neqoxec]
 66262 | Abyss:3  | Gained mutation: Your body often deteriorates upon taking
                  | damage. [a neqoxec]
 66264 | Abyss:3  | Lost mutation: Your body often deteriorates upon taking
                  | damage. [potion of mutation]
 66264 | Abyss:3  | Lost mutation: Your body sometimes deteriorates upon taking
                  | damage. [potion of mutation]
 66264 | Abyss:3  | Gained mutation: Your muscles are strong. (Str +2) [potion
                  | of mutation]
 66264 | Abyss:3  | Gained mutation: Your system is resistant to poisons.
                  | (rPois) [potion of mutation]
 66342 | Abyss:3  | Gained mutation: Potions are less effective at restoring
                  | your health. [a neqoxec]
 66362 | Elf:3    | Escaped the Abyss
 66607 | Elf:3    | Identified the +6 dagger "Arek" {drain, Int+2}
 66610 | Elf:3    | Identified the amulet of the Present {Rampage Regen+ Slay-4
                  | SInv Stlth+}
 66762 | Elf:3    | Got Qiof's Compendium of Beguiling
 66863 | Elf:3    | Got the Handbook of Scorching Displacement
 66892 | Elf:3    | Reached skill level 15 in Invocations
 66956 | Elf:3    | Got Ecibbeni's Collected Works on Spatial Clay
 66975 | Elf:3    | Identified the amulet "Lirrei" {Faith Rampage rN+++ Will-
                  | rCorr}
 67370 | Crypt:1  | Entered Level 1 of the Crypt
 68025 | Crypt:1  | Noticed Bai Suzhen
 68051 | Crypt:1  | Killed Bai Suzhen
 68227 | Crypt:1  | Noticed Margery
 68249 | Crypt:1  | Killed Margery
 68419 | Crypt:1  | Noticed Xtahua
 68611 | Crypt:1  | Killed Xtahua
 69542 | Vaults:5 | Entered Level 5 of the Vaults
 69582 | Vaults:4 | Reached skill level 23 in Axes
 70658 | Vaults:5 | Reached XP level 24. HP: 223/233 MP: 34/34
 70712 | Vaults:5 | Identified the +8 spear "Jiuxufa" {venom, Int+4}
 70717 | Vaults:5 | Identified the +5 short sword of Change {freeze, *Noise
                  | rCorr Str+2 Int+3}
 71060 | Vaults:5 | Identified the +5 glaive of Woarucem {chaos, rElec rPois
                  | Will-}
 71493 | Vaults:5 | Identified the +5 shortbow "Trog's Vengeance" {venom, rN++
                  | MP+9 Int-2}
 71598 | Vaults:5 | Noticed a shard shrike
 71599 | Vaults:5 | Noticed a juggernaut
 71599 | Vaults:5 | a shard shrike changed into a juggernaut
 71601 | Vaults:5 | a juggernaut changed into a rockslime
 72166 | Vaults:5 | Reached skill level 24 in Axes
 72236 | Vaults:5 | Got a silver rune of Zot
 72400 | Vaults:5 | Found the +9 staff of Olgreb {rPois∞}
 72495 | Vaults:5 | Found the +3 Mad Mage's Maulers {Infuse+∞ RegenMP Int-3}
 73877 | Zot:1    | Entered Level 1 of the Realm of Zot
 74499 | Snake:4  | Bought a +4 ring of slaying for 1326 gold pieces
 75347 | Zot:1    | You fall into a shaft and drop 1 floor!
 76680 | Zot:1    | Noticed an orb of fire
 76693 | Zot:1    | Gained mutation: You have large cloven feet. [an orb of
                  | fire]
 76697 | Zot:1    | Killed an orb of fire
 76698 | Zot:1    | Reached XP level 25. HP: 245/245 MP: 35/35
 76909 | Zot:2    | Reached skill level 25 in Axes
 79037 | Zot:3    | Identified the +9 morningstar "Ipsed" {spect, Int+3}
 80315 | Zot:4    | Noticed an orb of fire
 80315 | Zot:4    | Gained mutation: You sometimes lose the ability to read
                  | scrolls when taking damage. [an orb of fire]
 80593 | Zot:5    | Entered Level 5 of the Realm of Zot
 80599 | Zot:5    | Noticed a Killer Klown
 80599 | Zot:5    | Noticed a Killer Klown
 80599 | Zot:5    | Noticed a Killer Klown
 80599 | Zot:5    | Noticed an ancient lich
 80599 | Zot:5    | Noticed an orb of fire
 80610 | Zot:5    | Noticed a Killer Klown
 80610 | Zot:5    | Noticed a dread lich
 80610 | Zot:5    | Noticed an orb of fire
 80612 | Zot:5    | Noticed a dread lich
 80613 | Zot:5    | Noticed an ancient lich
 81215 | Zot:5    | Reached skill level 26 in Axes
 82209 | Zot:5    | Killed a Killer Klown
 82847 | Zot:5    | Killed an ancient lich
 82859 | Zot:5    | Noticed a Killer Klown
 82902 | Zot:5    | Killed a Killer Klown
 82950 | Zot:5    | Killed a Killer Klown
 83020 | Zot:5    | Killed a Killer Klown
 83208 | Zot:5    | Noticed an ancient lich
 83254 | Zot:5    | Killed an ancient lich
 83266 | Zot:5    | Reached XP level 26. HP: 118/260 MP: 30/35
 83926 | Zot:5    | Paralysed by a dread lich for 6 turns
 83936 | Zot:5    | Killed a dread lich
 84110 | Zot:5    | Killed an orb of fire
 84123 | Zot:5    | Noticed a dread lich
 84159 | Zot:5    | Killed a dread lich
 84496 | Zot:5    | Noticed a dread lich
 84519 | Zot:5    | Killed a dread lich
 84522 | Zot:5    | Killed a dread lich
 84545 | Zot:5    | Killed an ancient lich
 84596 | Zot:5    | Noticed an ancient lich
 84616 | Zot:5    | Killed an ancient lich
 84881 | Zot:5    | Noticed an ancient lich
 84886 | Zot:5    | Noticed an orb of fire
 84898 | Zot:5    | Gained mutation: You are frail. (-10% HP) [an orb of fire]
 84901 | Zot:5    | Gained mutation: Your body sometimes deteriorates upon
                  | taking damage. [an orb of fire]
 84913 | Zot:4    | Killed an ancient lich
 85013 | Zot:5    | Lost mutation: Your muscles are strong. (Str +2) [an orb of
                  | fire]
 85020 | Zot:5    | Gained mutation: You are partially covered in large bone
                  | plates. (SH +4) [an orb of fire]
 85021 | Zot:5    | Killed an orb of fire
 85088 | Zot:5    | Gained mutation: Your magical capacity is low. (-10% MP)
                  | [an orb of fire]
 85091 | Zot:5    | Killed an orb of fire
 85092 | Zot:5    | Reached skill level 27 in Axes
 85233 | Zot:4    | Killed an orb of fire
 85375 | Zot:5    | Identified a scroll of acquirement
 85375 | Zot:5    | Acquired 444 gold pieces
 85561 | Zot:5    | Noticed an ancient lich
 85580 | Zot:5    | Killed an ancient lich
 85857 | Zot:5    | Got the Orb of Zot
 86409 | D:$      | Escaped with the Orb!

Illustrated notes

Levels and vault maps discovered:
D:1:      eino_arrival_tree_alley, layout_basic,
          ebering_ecumenical_altar_petrified, grunt_decor_one_mirror
D:2:      layout_loops_corners, basic_altar, minmay_joined_circles, uniq_robin
D:3:      layout_basic, yredelemnul_altar_generic
D:4:      layout_cave_pools, mainiacjoe_overflow_concentric_impassable,
          minitemple, dk_vineyard_3, uniq_natasha
D:5:      layout_cave_pools, nzn_wu_jian_contemplation,
          minmay_temple_entry_water_ring, serial_shops, nicolae_shop_statue_plus
D:6:      layout_loops_corners, mainiacjoe_overflow_divided_tiny,
          nicolae_tso_besieged_by_evil, general_overflow_altar
D:7:      cheibrodos_statue_roulette, layout_loops_ring, enter_ossuary_1,
          minmay_misc_feat_tower, uniq_joseph
D:8:      layout_basic, mainiacjoe_overflow_boulevard
D:9:      layout_stronghold, nemelex_spade_bored_becter, kennysheep_mini_moat,
          kennysheep_generic_room_6
D:10:     layout_big_octagon, mainiacjoe_overflow_chevrons, serial_gnoll_camp,
          gnoll_camp_mini_basic, gnoll_camp_mini_basic, gnoll_camp_huts_basic,
          gnoll_camp_medium_01, gnoll_camp_mini_house, gnoll_camp_mini_sergeant,
          uniq_erolcha
D:11:     layout_grid_maze, dpeg_oklobed_lair, orc_david_3, serial_shops,
          nicolae_diamond_shop, fedhas_altar_fruit_tree
D:12:     layout_roguey, serial_park_tiny_1, kennysheep_path_1
D:13:     layout_rooms, serial_shops, shop_statue, shop,
          nicolae_shop_waterfront, shop, shop
D:14:     layout_rooms, david_vaults_1, nicolae_trove_entry_crossroad,
          chequers_serial_rivers_micro_d
D:15:     gammafunk_enter_depths_forms, layout_loops_ring,
          hangedman_decor_growths, grunt_decor_fettered,
          minmay_tree_intersection, uniq_rupert
Temple:   nicolae_temple_figure_zero
Lair:1:   layout_small_grid
Lair:2:   layout_cave_pods, special_room [special_room_bee],
          bh_autumn_forest_stairs, serial_bayou_pond_b, ice2_lemuel
Lair:3:   layout_misc_corridors, minmay_shoals_entry_beasts, grunt_megastairs_1
Lair:4:   layout_cave_pods, guppyfry_snake_entry_garden, uniq_snorg
Lair:5:   layout_cave_pods, beast_lair_carwin_9, grunt_megastairs_2
Lair:6:   cheibrodos_lair_end_hotspot, layout_misc_corridors,
          minmay_slime_entry_oklob_open, uniq_sonja
Shoals:1: layout_shoals, uniq_aizul, uniq_jorgrun
Shoals:2: layout_shoals, nicolae_shoals_mertower
Shoals:3: layout_shoals
Shoals:4: shoals_end_hellmonk_lost_city
Snake:1:  nicolae_snake_crotalidae_crossing, layout_layer_cave,
          grunt_megastairs_3, serial_bayou_shore_b
Snake:2:  layout_layer_cave, minmay_shop_star, serial_bayou_shore_b
Snake:3:  layout_cave_pods, serial_bayou_shore_b
Snake:4:  hellmonk_snake_rune_quicksilver_temple, layout_cave_town,
          minmay_shop_grove, uniq_mara
Orc:1:    layout_caves, nicolae_shop_overcharged_wands
Orc:2:    st_orc_congregation, layout_caves, serial_shops,
          nicolae_shop_hallway_stairs, basic_altar, guppyfry_library_mini
Elf:1:    minmay_elf_arrival_circle, layout_rooms, hangedman_corner_corridor
Elf:2:    nicolae_elf_blades_splatter_lattice [nicolae_blade_tridents],
          layout_rooms, serial_shops, shop, nicolae_rare_books
Elf:3:    grunt_elf_hall_diamonds, layout_gridlike, grunt_megastairs_5,
          minmay_shoptagon
Vaults:1: ontoclasm_vaults_chip, hangedman_vaults_slither,
          vaults_standard_mumra_x, v_misc_28, v_misc_8, nicolae_vaults_theta,
          vaults_room_grunt_arrival_ludios, ontoclasm_vaults_shuriken,
          ontoclasm_vaults_pinch, hangedman_vaults_impose,
          nicolae_vaults_murderbox, vaults_dpeg_ring,
          ontoclasm_vaults_loading_screen, layout_vaults_omnicross,
          serial_shops, shop, serial_glass
Vaults:2: v_pattern_3, grunt_vaults_swirl, minmay_crypt_entry_simple_statues,
          v_misc_10, v_misc_28, nicolae_vaults_shelves_hall,
          nicolae_vaults_gold_heap, v_misc_11, v_rooms_5,
          nicolae_vaults_circle_grid_b, v_alt_pattern_4,
          hangedman_vaults_stretched_pinwheel, layout_vaults_omnibox
Vaults:3: mu_enter_wizlab_6, nicolae_vaults_hallways_thing, v_pattern_4,
          vaults_room_pools, hangedman_vaults_hat, vaults_dpeg_encased_lava,
          layout_vaults_omnigrid, serial_shops, shop
Vaults:4: ontoclasm_vaults_shout, v_pattern_5, vaults_room_octagon,
          hangedman_vaults_variations, nicolae_vaults_diagonal_hallway_8,
          vaults_dpeg_hooks, nicolae_vaults_yaktaur_gun_rack,
          layout_vaults_chaotic_city, serial_shops, nicolae_diamond_shop
Vaults:5
Crypt:1:  ragdoll_tomb_raider, layout_misc_corridors, st_stairs_14,
          grunt_crypt_arrival_split, uniq_bai_suzhen, uniq_margery, uniq_xtahua
Depths:1: layout_cave_shapes, hell_entry, cheibriados_altar_1, tgw_sif
Depths:2: kennysheep_ambush_hall, layout_basic, hell_entry,
          nicolae_figureground_pulse, grunt_pan_entry_sceptre, firewood_loft,
          minmay_staircase_statues
Depths:3: evilmike_silver_temple, layout_gridlike, kennysheep_flooded_box,
          abyss_entry_glasseish, hangedman_geh_valley, serial_bayou_lake_a
Depths:4: grunt_zot_entry_alcove, layout_gridlike, enter_ziggurat_c,
          grunt_decor_mini_mirrors, hell_entry, abyss_entry_flame_altar,
          chequers_serial_rivers_small_a
Zot:1:    layout_gridville
Zot:2:    layout_cathedral_of_symmetry, st_small_dragon_hoard_5
Zot:3:    layout_misc_corridors, st_large_dragon_hoard_1
Zot:4:    layout_misc_corridors, grunt_megastairs_4
Zot:5:    layout_misc_corridors, nicolae_lava_and_water, st_stairs_9

Skill      XL: |  1  2  3  4  5  6  7  8  9 10 11 12 13 14 15 16 17 18 19 20 21 22 23 24 25 26 |
---------------+-------------------------------------------------------------------------------+-----
Fighting       | 1 2 3 4 5 7 8 10 11 13 14 16 17 18 19 20 22 24 25 26 | 26.8
Armour         | 1 2 3 4 5 7 8 10 11 13 14 15 16 17 18 19 20 | 20.2
Dodging        | 3 4 5 6 8 9 11 12 13 14 15 16 | 16.9
Maces & Flails | 1 |  1.6
Long Blades    | 1 3 4 6 8 9 11 12 14 15 16 | 16.4
Invocations    | 1 5 8 9 10 11 13 14 16 18 19 21 | 21.0
Shields        | 2 14 15 16 17 18 19 | 19.2
Axes           | 10 17 18 19 20 21 23 24 26 27 | 27.0
Stealth        | |  1.5
Spellcasting   | |  1.3
Necromancy     | |  2.9

Action                   |  1- 3 |  4- 6 |  7- 9 | 10-12 | 13-15 | 16-18 | 19-21 | 22-24 | 25-27 || total
-------------------------+-------+-------+-------+-------+-------+-------+-------+-------+-------++-------
Melee: Unarmed           |     9 |       |    10 |       |       |       |       |       |       ||    19
       Dagger            |    15 |       |       |       |       |       |       |       |       ||    15
       Headbutt          |    17 |    14 |    27 |    94 |   277 |   341 |   818 |   784 |   350 ||  2722
       Short sword       |    17 |       |       |       |       |       |       |       |       ||    17
       Whip              |    74 |    41 |       |       |       |       |       |       |       ||   115
       Punch             |     1 |     1 |     2 |     9 |    17 |       |       |       |       ||    30
       Katana            |       |    45 |   205 |   565 |  1186 |  1383 |    42 |       |       ||  3426
       Trident           |       |       |       |    42 |    33 |    40 |       |       |       ||   115
       Broad axe         |       |       |       |       |       |    11 |  2389 |  2383 |   931 ||  5714
       Morningstar       |       |       |       |       |       |       |       |       |    36 ||    36
 Fire: Hunting sling     |       |    78 |    83 |   139 |   303 |       |     1 |       |       ||   604
Invok: Purification      |       |       |     1 |     1 |     9 |     3 |     4 |    10 |     4 ||    32
       Heal Self         |       |       |       |       |     3 |     2 |    27 |    22 |     4 ||    58
       Heal Other        |       |       |       |       |       |     1 |     3 |     2 |       ||     6
       Divine Vigour     |       |       |       |       |       |       |       |     1 |       ||     1
Evoke: Wand              |       |       |       |     3 |       |     3 |       |     3 |       ||     9
  Use: Scroll            |     2 |       |       |       |    14 |     6 |    12 |    20 |    12 ||    66
       Potion            |       |       |     3 |       |     5 |     3 |     5 |     5 |     6 ||    27
 Stab: Sleeping          |     3 |       |       |       |       |       |       |       |     1 ||     4
       Petrified         |       |       |       |       |     2 |       |       |     3 |       ||     5
       Distracted        |       |       |       |       |       |     1 |       |     1 |     6 ||     8
Armor: Robe              |    16 |       |       |    34 |       |       |       |       |       ||    50
       Ring mail         |    10 |    22 |     7 |       |       |       |       |       |       ||    39
       Chain mail        |       |       |    54 |   164 |   440 |   194 |   207 |       |       ||  1059
       Scale mail        |       |       |       |       |    34 |   160 |       |       |       ||   194
       Plate armour      |       |       |       |       |       |       |   533 |   118 |       ||   651
       Gold dragon scale |       |       |       |       |       |       |       |   763 |   411 ||  1174
Dodge: Dodged            |    88 |    61 |    71 |   263 |   390 |   580 |   753 |   514 |   241 ||  2961
       Repelled          |       |       |       |       |       |    10 |    22 |    40 |    30 ||   102
Block: Tower shield      |       |       |       |       |   322 |       |  2166 |  1971 |   731 ||  5190
       Kite shield       |       |       |       |       |     2 |   758 |    16 |       |       ||   776
